 Dungeon Crawl Stone Soup version 0.28-a0-46-g7b1be97da7 (webtiles) character file.

Game seed: 7246962388601836114

194 Mesmaeker13 the Digger (level 5, -1/38 HPs)
             Began as a Ghoul Earth Elementalist on July 30, 2021.
             Killed from afar by a white imp (2 damage)
             ... with a puff of frost
             ... summoned by Natasha
             ... on level 2 of the Dungeon.
             The game lasted 00:03:32 (3748 turns).

Mesmaeker13 the Digger (Ghoul Earth Elementalist)   Turns: 3748, Time: 00:03:32

Health: -1/38      AC:  2    Str: 12    XL:     5   Next: 73%
Magic:  8/8        EV: 12    Int: 11    God:
Gold:   131        SH:  0    Dex:  9    Spells: 5/9 levels left

rFire   . . .      SeeInvis .   l - +0 dagger (elec)
rCold   + . .      Faith    .   (no shield)
rNeg    + + +      Spirit   .   b - +0 robe
rPois   ∞          Reflect  .   (no helmet)
rElec   .          Harm     .   (no cloak)
rCorr   .          Rampage  .   (no gloves)
Will    .....                   (no boots)
Stlth   ++........              (no amulet)
HPRegen 0.00/turn               (no ring)
MPRegen 0.11/turn               (no ring)

@: inhibited regen, slowed, very slow
A: claws 1, cold resistance 1, negative energy resistance 3, inhibited
regeneration, torment resistance 2
a: no special abilities


You were on level 2 of the Dungeon.
You visited 1 branch of the dungeon, and saw 3 of its levels.

You collected 131 gold pieces.

Inventory:

Hand Weapons
 l - a +0 dagger of electrocution (weapon)
Missiles
 c - 80 stones
 i - 15 poisoned darts
Armour
 b - a +0 robe (worn)
Jewellery
 o - an amulet of regeneration
Wands
 j - a wand of acid (8)
Scrolls
 a - 2 scrolls of teleportation {unknown}
 h - 2 scrolls of fear
 k - a scroll of enchant armour {unknown}
 n - 2 scrolls of immolation {unknown}
 p - a scroll of acquirement {unknown}
Potions
 d - a potion of curing {unknown}
 e - 2 potions of invisibility {unknown}
 f - a potion of degeneration {unknown}
 g - 2 potions of brilliance {unknown}
 m - a potion of ambrosia {unknown}


   Skills:
 + Level 3.1 Dodging
 - Level 2.1 Stealth
 + Level 2.8 Spellcasting
 + Level 1.5 Conjurations
 - Level 0.8 Transmutations
 + Level 4.5 Earth Magic


You had 5 spell levels left.
You knew the following spells:

 Your Spells              Type           Power      Damage    Failure   Level
a - Sandblast             Erth           22%        2d7       4%          1
b - Stone Arrow           Conj/Erth      16%        3d8       22%         3

Your spell library contained the following spells:

 Spells                   Type           Power      Damage    Failure   Level
 Passwall                 Tmut/Erth      5%         N/A       13%         2
 Apportation              Tloc           2%         N/A       26%         1
 Ozocubu's Armour         Ice            1%         N/A       63%         3
 Petrify                  Tmut/Erth      7%         N/A       65%         4
 Alistair's Intoxication  Tmut/Pois      1%         N/A       99%         5
 Metabolic Englaciation   Hex/Ice        0%         N/A       100%        5
 Invisibility             Hex            0%         N/A       100%        6
 Simulacrum               Ice/Necr       0%         N/A       100%        6


Dungeon Overview and Level Annotations

Branches:
Dungeon (3/15)

Altars:
Hepliaklqana
Nemelex Xobeh
Xom

Annotations:
D:2 Natasha


Innate Abilities, Weirdness & Mutations

You thrive by killing the living.
You are immune to poison.
You have sharp fingernails.
Your flesh is cold resistant. (rC+)
You are immune to negative energy. (rN+++)
You do not regenerate when monsters are visible.
You are immune to unholy pain and torment.


Message History

The magic dart hits you. The hobgoblin misses you.
Unknown command.
Natasha casts a spell.
The hobgoblin hits you.
You climb upwards.
The white imp disappears in a puff of smoke!
There is a stone staircase leading down here.
Natasha casts a spell.
You barely miss Natasha. Natasha barely misses you. The hobgoblin hits you.
Natasha casts a spell at you. The magic dart hits you!
The hobgoblin barely misses you. Natasha claws you.
The white imp gestures at you. The puff of frost hits you. You resist.
There is an open door here.
Natasha stares at you and mumbles some strange words.
You feel yourself slow down.
Natasha wildly gestures.
Natasha's front paws start to glow.
Casting: Sandblast (safe; 4% risk of failure)
Confirm with . or Enter, or press ? or * to list all spells.
Aiming: Sandblast (safe; 4% risk of failure)
Press: ? - help, Shift-Dir - straight line, f - hobgoblin
Aim: a hobgoblin (79% to hit)
The blast of sand hits the hobgoblin!
You kill the hobgoblin!
The white imp gestures at you. The puff of frost hits you. You resist.
* * * LOW HITPOINT WARNING * * *
The white imp hits you.
* * * LOW HITPOINT WARNING * * *
The white imp freezes you. You resist.
* * * LOW HITPOINT WARNING * * *
The white imp hits you but does no damage.
Natasha mumbles some strange words.
The white imp gestures at you. The puff of frost hits you. You resist.
* * * LOW HITPOINT WARNING * * *
Natasha mumbles some strange words.
The white imp gestures at you. The puff of frost hits you. You resist.
You die...

#.##.....###'#####........#.#
#.##.....# #†# #........#.#
#.##.....# #5#####........#.#
#.##.....# #5##<##........#.#
#.##.....# #h##.##........#.#
#.######## #.##.##........#.#
#.# #5##.##........#.# #.#
#.##.##........#.. #.#
#@##.##(.......#.#
#.##########.................
#...............#####.###.###
##############..#####.# #....
#...............#.....# #####
####.#######...##.##### #.#
##...##.# #.# #....##.# #.#
#.#..##.#


You could see an iron imp (summoned), Natasha and 2 white imps.

Vanquished Creatures
  An ogre (D:3)
  4 gnolls
  2 adders (D:2)
  5 ball pythons
  8 bats
  7 endoplasms
  A giant cockroach (D:1)
  7 goblins
  5 hobgoblins
  3 jackals (D:1)
  2 quokkas
  6 frilled lizards
  2 kobolds
  4 rats
57 creatures vanquished.

Notes
Turn   | Place    | Note
-------+----------+-------------------------------------------
     0 | D:1      | Mesmaeker13 the Ghoul Earth Elementalist began the quest
                  | for the Orb.
     0 | D:1      | Reached XP level 1. HP: 14/14 MP: 2/2
   260 | D:1      | Reached XP level 2. HP: 20/20 MP: 2/4
   978 | D:1      | Reached XP level 3. HP: 26/26 MP: 5/5
  1176 | D:2      | Learned a level 3 spell: Stone Arrow
  2150 | D:2      | Reached XP level 4. HP: 33/33 MP: 3/6
  2438 | D:2      | Reached skill level 4 in Earth Magic
  2892 | D:3      | Found a faded altar of an unknown god.
  2892 | D:3      | Noticed an ogre
  2894 | D:3      | Killed an ogre
  2895 | D:3      | Reached skill level 1 in Conjurations
  2895 | D:3      | Reached XP level 5. HP: 38/38 MP: 5/8
  3296 | D:3      | Found a sparkling altar of Nemelex Xobeh.
  3402 | D:3      | Found a hazy altar of Hepliaklqana.
  3403 | D:3      | Found a shimmering altar of Xom.
  3404 | D:3      | Noticed a spectral ugly thing
  3442 | D:3      | Noticed Natasha
  3747 | D:2      | HP: 1/38 [white imp/puff of frost[Natasha] (4)]
  3748 | D:2      | Killed from afar by a white imp

Illustrated notes

Levels and vault maps discovered:
D:1:      dpeg_arrival_chambers_temple_mockup, layout_loops_ring
D:2:      layout_basic
D:3:      layout_basic, regret_index_temple_of_mockery,
          nicolae_overflow_hidden_temple, nemelex_diamond_rough_becter,
          ebering_ecumenical_altar_ruins, st_stairs_7, uniq_natasha,
          uniq_crazy_yiuf_cottage

Skill      XL: |  1  2  3  4 |
---------------+-------------+-----
Dodging        | 2 3 |  3.1
Spellcasting   | 2 |  2.8
Earth Magic    | 4 |  4.5
Conjurations   | 1 |  1.5
Stealth        | |  2.1
Transmutations | |  0.8

Action                   |  1- 3 |  4- 6 || total
-------------------------+-------+-------++-------
Melee: Unarmed           |    61 |     4 ||    65
       Dagger            |       |    10 ||    10
 Cast: Sandblast         |    46 |    27 ||    73
Evoke: Wand              |       |     3 ||     3
  Use: Scroll            |       |     1 ||     1
 Stab: Sleeping          |     1 |     1 ||     2
Armor: Robe              |    12 |     4 ||    16
Dodge: Dodged            |    49 |    20 ||    69

Table legend: (Time is in decaauts)
 A = Elapsed time spent in this place.
 B = Non-inter-level travel time spent in this place.
 C = Inter-level travel time spent in this place.
 D = Time resting spent in this place.
 E = Time spent auto-exploring this place.
 F = Levels seen in this place.
 G = Mean time per level.
                   A        B        C        D        E       F      G
               +--------+--------+--------+--------+--------+-----+--------+
         Total |   3765 |   3610 |    155 |    801 |   2335 |   3 | 1255.0 |
       Dungeon |   3765 |   3610 |    155 |    801 |   2335 |   3 | 1255.0 |
               +--------+--------+--------+--------+--------+-----+--------+

Top non-repeatable levels by time:
     D:2: 2227 daAuts
     D:1: 1171 daAuts
     D:3: 366 daAuts
